 Dungeon Crawl Stone Soup version 0.20.1-1-g8b1a95d (webtiles) character file.

25 Nattfarinn the Sneak (level 3, -2/23 HPs)
             Began as an Octopode Enchanter on Aug 2, 2017.
             Slain by a jackal (3 damage)
             ... on level 1 of the Dungeon.
             The game lasted 00:01:22 (634 turns).

Nattfarinn the Sneak (Octopode Enchanter)            Turns: 634, Time: 00:01:23

Health: -2/23      AC:  1    Str:  7    XL:     3   Next: 4%
Magic:  6/6        EV: 13    Int: 18    God:
Gold:   91         SH:  0    Dex: 12    Spells: 5/6 levels left

rFire    . . .     SeeInvis .   a - +1 dagger
rCold    . . .     Gourm    .   (no shield)
rNeg     . . .     Faith    .   (helmet restricted)
rPois    .         Spirit   .   (no amulet)
rElec    .         Reflect  .   (no ring)
rCorr    .         Harm     .   (no ring)
MR       .....                  (no ring)
Stlth    +++.......             (no ring)
Regen    0.1/turn               (no ring)
MPRegen  0.1/turn               (no ring)
                                (no ring)
                                (no ring)

@: no status effects
A: almost no armour, stealthy swim, amphibious, 8 rings, constrict 8, camouflage
1, gelatinous body 1
a: no special abilities


You were on level 1 of the Dungeon.
You were not hungry.

You visited 1 branch of the dungeon, and saw 1 of its levels.

You collected 91 gold pieces.

Inventory:

Hand Weapons
 a - a +1 dagger (weapon)
Scrolls
 d - 2 scrolls of enchant armour {unknown}
 e - a scroll of recharging {unknown}
 g - a scroll of enchant weapon {unknown}
Books
 b - a book of Maledictions

   Spells                             Type                      Level
   a - Corona                         Hexes                        1
   b - Ensorcelled Hibernation        Hexes/Ice                    2
   c - Confuse                        Hexes                        3
   d - Tukima's Dance                 Hexes                        3
   e - Dazzling Spray                 Conjuration/Hexes            3
Comestibles
 c - 3 bread rations
 f - 4 fruits


   Skills:
 * Level 1.3 Fighting
 - Level 1.0 Short Blades
 * Level 2.5 Dodging
 - Level 4.0 Stealth
 - Level 2.0 Spellcasting
 + Level 3.3 Hexes


You had 5 spell levels left.
You knew the following spells:

 Your Spells              Type           Power        Failure   Level  Hunger
a - Corona                Hex            ##.....      4%          1    #......


Dungeon Overview and Level Annotations

Branches:
Dungeon (1/15)

Altars:


Innate Abilities, Weirdness & Mutations

You cannot wear most types of armour.
You are very stealthy in the water. (Stealth+)
You are amphibious.
You can wear up to eight rings at the same time.
You can use your tentacles to constrict eight enemies at once.
Your skin changes colour to match your surroundings (Stealth+).
Your rubbery body absorbs attacks. (AC +1, EV +1)


Message History

* * * LOW HITPOINT WARNING * * *
The jackal barely misses you.
You miss the jackal. You grab the jackal.
The jackal is lightly wounded.
You constrict the jackal, but do no damage.
The jackal bites you but does no damage. x2
You hit the jackal but do no damage.
The jackal is lightly wounded.
You constrict the jackal.
The jackal struggles to escape constriction.
You hit the jackal.
The jackal is almost dead.
You constrict the jackal, but do no damage.
The jackal barely misses you.
You hit the jackal.
You kill the jackal!
You barely miss the jackal. Your grab misses the jackal. The jackal bites you.
* * * LOW HITPOINT WARNING * * *
The jackal bites you.
You die...

# ####.#### #
........# #
#.##h###############
#..@...............+
#.##............##.#
# #..#########.##'#
.####+##..# #.....
........#..# #.....
#.......#..# #.....
#.......#..# #.##+#
#########.......#..#
####.##.#
#....#......##+#...#
#........


You could see a jackal.

Vanquished Creatures
  3 dart slugs (D:1)
  3 giant cockroaches (D:1)
  A hobgoblin (D:1)
  3 jackals (D:1)
  A kobold (D:1)
  2 bats (D:1)
  2 frilled lizards (D:1)
  3 rats (D:1)
18 creatures vanquished.

Notes
Turn   | Place    | Note
-------+----------+-------------------------------------------
     0 | D:1      | Nattfarinn the Octopode Enchanter began the quest for the Orb.
     0 | D:1      | Reached XP level 1. HP: 11/11 MP: 3/3
   202 | D:1      | Reached XP level 2. HP: 18/18 MP: 5/5
   472 | D:1      | Reached skill level 1 in Fighting
   628 | D:1      | Reached XP level 3. HP: 4/23 MP: 6/6
   634 | D:1      | HP: 1/23 [jackal (2)]
   634 | D:1      | Slain by a jackal

Skill      XL: |  1  2 |
---------------+-------+-----
Fighting       | 1 |  1.3
Short Blades   | |  1.0
Dodging        | |  2.5
Stealth        | |  4.0
Spellcasting   | |  2.0
Hexes          | |  3.3

Action                   || total
-------------------------++-------
Melee: Dagger            ||    38
       Tentacles         ||     4
       Constrict         ||     7
 Stab: Sleeping          ||     6
Armor: Skin              ||     4
Dodge: Dodged            ||    18
